 Dungeon Crawl Stone Soup version 0.29-a0-243-g602b31c20e (webtiles) character file.

Game seed: 16254535011966446436

29 sammy202020 the Shield-Bearer (level 3, -6/23 HPs)
             Began as a Gargoyle Fighter on Mar 5, 2022.
             Mangled by a worm (8 damage)
             ... on level 2 of the Dungeon.
             The game lasted 00:01:43 (871 turns).

sammy202020 the Shield-Bearer (Gargoyle Fighter)     Turns: 871, Time: 00:01:44

Health: -6/23      AC: 10    Str: 19    XL:     3   Next: 16%
Magic:  3/3        EV:  9    Int: 10    God:
Gold:   75         SH:  4    Dex:  9    Spells: 2/2 levels left

rFire   . . .      SeeInvis .   a - +0 flail
rCold   + . .      Faith    .   c - +0 buckler
rNeg    + . .      Spirit   .   b - +0 scale mail
rPois   ∞          Reflect  .   (no helmet)
rElec   +          Harm     .   (no cloak)
rCorr   .          Rampage  .   (no gloves)
Will    .....                   (no boots)
Stlth   ..........              (no amulet)
HPRegen 0.07/turn               f - ring of flight
MPRegen 0.08/turn               i - ring of protection from cold

@: flying
A: sickness immunity, AC +3, negative energy resistance 1, electricity
resistance, torment resistance 1, petrification resistance
a: no special abilities


You were on level 2 of the Dungeon.
You visited 1 branch of the dungeon, and saw 2 of its levels.

You collected 75 gold pieces.

Inventory:

Hand Weapons
 a - a +0 flail (weapon)
Armour
 b - a +0 scale mail (worn)
 c - a +0 buckler (worn)
Jewellery
 f - a ring of flight (left hand)
 i - a ring of protection from cold (right hand)
Scrolls
 g - 5 scrolls of identify {unknown}
 k - a scroll of teleportation {unknown}
 l - a scroll of holy word {unknown}
Potions
 d - a potion of might
 e - a potion of haste {unknown}
 h - a potion of ambrosia {unknown}
 j - a potion of degeneration {unknown}
 m - a potion of mutation {unknown}


   Skills:
 * Level 3.6 Fighting
 * Level 2.4 Maces & Flails
 * Level 3.6 Armour
 + Level 0.3 Dodging
 * Level 3.6 Shields


You had 2 spell levels left.
You didn't know any spells.
Your spell library was empty.

Dungeon Overview and Level Annotations

Branches:
Dungeon (2/15)

Altars:


Innate Abilities, Weirdness & Mutations

You are immune to sickness and miasma.
Your stone body is resilient. (AC +3)
You are immune to poison.
You resist negative energy. (rN+)
You are resistant to electric shocks. (rElec)
You are resistant to unholy torment.
You are immune to petrification.


Message History

You sock the bat!
You kill the bat!
No target in view!
No target in view!
No target in view!
No target in view!
No target in view!
You see here a bat corpse.
Found a bubbling cyan potion.
Found a stone staircase leading down.
A worm comes into view.
Found a fabulously ornate robe.
You see here 2 glowing blue potions.
m - a pink potion You see here 2 glowing blue potions.
The worm barely misses you.
You hit the worm.
The worm is lightly wounded.
The worm bites you.
You barely miss the worm.
The worm is lightly wounded.
You thump the worm!
The worm is heavily wounded.
The worm bites you.
You hit the worm.
The worm is severely wounded.
The worm bites you!
You hit the worm but do no damage.
The worm is severely wounded.
The worm bites you.
* * * LOW HITPOINT WARNING * * *
You hit the worm.
The worm is almost dead.
The worm bites you but does no damage.
Sorry, you're not good enough to have a special ability.
Unknown command.
You hit the worm.
The worm is almost dead.
The worm bites you!
You die...

......#... ####........
.....[. #............
.......
#..<........##.......
#.#.........#..>.....
#...........#........
#.......$...#........
##......(...#...!....
#.....(.....!@.......
#.......†....w.......
#.......†............
###..................
#.:...............#
##................#
#####)..............#
...#..........##...###.#
#...........# ####


You could see a worm.

Vanquished Creatures
  3 bats
  4 endoplasms (D:1)
  5 giant cockroaches (D:1)
  A hobgoblin (D:1)
  3 kobolds
  3 quokkas
  A goblin (D:2)
  3 rats (D:1)
23 creatures vanquished.

Notes
Turn   | Place    | Note
-------+----------+-------------------------------------------
     0 | D:1      | sammy202020 the Gargoyle Fighter began the quest for the
                  | Orb.
     0 | D:1      | Reached XP level 1. HP: 14/14 MP: 1/1
   155 | D:1      | Reached XP level 2. HP: 15/19 MP: 2/2
   236 | D:1      | Found a faded altar of an unknown god.
   806 | D:2      | Reached XP level 3. HP: 23/23 MP: 3/3
   871 | D:2      | Mangled by a worm

Illustrated notes

Levels and vault maps discovered:
D:1:      tarquinn_simple_flora_water_a, layout_rooms,
          ebering_ecumenical_altar_hall
D:2:      layout_rooms, chequers_avenue

Action                   || total
-------------------------++-------
Melee: Flail             ||    74
Armor: Scale mail        ||    39
Dodge: Dodged            ||    46
Block: Buckler           ||     8

Table legend: (Time is in decaauts)
 A = Elapsed time spent in this place.
 B = Non-inter-level travel time spent in this place.
 C = Inter-level travel time spent in this place.
 D = Time resting spent in this place.
 E = Time spent auto-exploring this place.
 F = Levels seen in this place.
 G = Mean time per level.
                   A        B        C        D        E       F      G
               +--------+--------+--------+--------+--------+-----+--------+
         Total |    894 |    870 |     24 |      0 |    672 |   2 |  447.0 |
       Dungeon |    894 |    870 |     24 |      0 |    672 |   2 |  447.0 |
               +--------+--------+--------+--------+--------+-----+--------+

Top non-repeatable levels by time:
     D:1: 816 daAuts
     D:2: 78 daAuts
